[Event "*** Titled Tuesday Blitz"]
[Site "Chess.com"]
[Date "2021.02.16"]
[Round "1"]
[White "AlexOstrovskiy"]
[Black "eduardoperalta"]
[Result "1-0"]
[WhiteElo "2768"]
[BlackElo "2405"]
[TimeControl "180+1"]
[EndTime "10:07:48 PST"]
[Termination "AlexOstrovskiy won by resignation"]

1. d4 Nf6 2. Bf4 g6 3. Nc3 d5 4.
e3 Bg7 5. h4 h6 6. Nf3 c6 7. Ne5 Qa5 8. Qd2 Nbd7 9. O-O-O e6 10. Kb1 O-O 11. f3 c5 12. Nxd5 Qxd2 13. Ne7+ Kh7 14.
Rxd2 cxd4 15. exd4 Nb6 16. Nxc8 Raxc8 17. c3 Nfd5 18. Bh2 h5 19. g4 Bh6 20. g5 Bg7 21. Bd3 a5 22. Re1 a4 23. a3 Kg8 24. Rc2 Ne7 25.
Be4 Rb8 26. Nd3 Rbd8 27. Bc7 Nbd5 28. Bxd8 Rxd8 29. Nc5 b5 30. Bd3 Rb8 31. Nd7 Rb7 32. Ne5 Nf4 33. Be4 Ned5 34. Ka2 Rb8 35. c4 bxc4 36.
Rxc4 Ng2 37. Rec1 Nb6 38. Rb4 Nxh4 39. Rc6 Bxe5 40. dxe5 Ng2 41. Rcxb6 Rxb6 42. Rxb6 Nf4 43. Rd6 h4 44. Rd2 h3 45. Rh2 Kf8 46. Bc2 Ke7 47. Bxa4 Kd8 48. b4 Nd3 49. Rxh3 Nxe5 50. f4 Nc4 51. Rd3+ Ke7 52. Rd7+ Kf8 53. Rc7 Nb6 54. Bb3 Ke8 55. a4 Nd7 56. a5 Kd8 57. Rxd7+ Kxd7 58. b5 Kc7 59. b6+ Kb7 60. Kb2 Ka6 61. Kc3 Kb7 62. Kd4 Ka6 63. Ke5 Kb7 64. Kf6 e5 65. fxe5 Ka6 66. Bc4+ Kxa5 67. b7 Kb6 68. b8=Q+ Kc5 69.
Qd6+ Kxc4 70. e6 1-0

[Event "*** Titled Tuesday Blitz"]
[Site "Chess.com"]
[Date "2021.02.16"]
[Round "1"]
[White "MarcoRiehle"]
[Black "Galileo22"]
[Result "1-0"]
[WhiteElo "2707"]
[BlackElo "2379"]
[TimeControl "180+1"]
[EndTime "10:07:48 PST"]
[Termination "MarcoRiehle won by resignation"]

1. e4 e6 2. c4 d5 3. cxd5 exd5 4.
Qb3 Nc6 5. exd5 Nb4 6. Bc4 Nf6 7. Nf3 Nbxd5 8. O-O Be7 9. Nc3 c6 10. d4 O-O 11. Bg5 Nb6 12. Bd3 Bg4 13. Ne5 Qxd4 14. Rfe1 Be6 15. Qc2 h6 16. Nf3 Qd7 17. Rad1 hxg5 18.
Bh7+ Nxh7 19. Rxd7 Nxd7 20. Nd4 Bf6 21. Nxe6 fxe6 22.
h3 Rfe8 23. Ne4 Nhf8 24. Nd6 Re7 25. Nxb7 Ne5 26. Nc5 Neg6 27. g3 Rd8 28. Kg2 Rd5 29.
b4 Bd4 30. Nb3 Bb6 31. a4 Rf5 32. Re2 Ref7 33. Nc5 Bxc5 34. bxc5 Ne7 35. Qe4 Nd5 36. Qc4 Rxf2+ 37. Kg1 Rf1+ 38. Kh2 R7f2+ 39. Rxf2 Rxf2+ 40. Kg1 Rf7 41. Qe4 Rf6 42. Qe5 g4 43. hxg4 Rf7 44.
Qb8 Rd7 45. Qc8 Re7 46. Qxc6 Rc7 47. Qd6 Kf7 48. c6 Rc8 49. Kh2 Ng6 50. Qd7+ Nge7 51. Qxa7 Rxc6 52. Qf2+ Kg8 53. a5 Rc3 54. a6 Ra3 55. a7 Nf6 56. Qc5 Ra2+ 57. Kg1 Ng6 58. Qc8+ Kh7 59. a8=Q Ra7 60. Qxa7 Nxg4 61. Qxe6 Nh6 62.
Qe4 1-0

[Event "*** Titled Tuesday Blitz"]
[Site "Chess.com"]
[Date "2021.02.16"]
[Round "1"]
[White "nonsopolo1"]
[Black "Nbk90"]
[Result "1-0"]
[WhiteElo "2294"]
[BlackElo "2569"]
[TimeControl "180+1"]
[EndTime "10:07:48 PST"]
[Termination "nonsopolo1 won by checkmate"]

1. d4 d6 2. Bf4 g6 3. e3 Bg7 4.
c3 Nf6 5. h3 O-O 6. Nd2 Nbd7 7.
Ngf3 b6 8. Be2 Bb7 9. O-O Re8 10. Re1 e5 11. Bg5 h6 12. Bh4 Qe7 13. Nf1 Rad8 14.
a4 a5 15. Bb5 g5 16. Bg3 Ne4 17. Bh2 f5 18. N1d2 Rf8 19. Qb3+ Kh8 20. Rad1 g4 21. Nxe4 gxf3 22. Ng3 fxg2 23. Qc2 Qe6 24. Bd3 f4 25. exf4 Rxf4 26. Nf5 Rf3 27. Nh4 Rxh3 28. Bf5 Qf6 29.
Ng6+ Kg8 30. Bxh3 Nf8 31. Nxf8 Rxf8 32. dxe5 Qh4 33. Be6+ Kh8 34. Rd4 Qh5 35. Rg4 Bxe5 36. Rxe5 dxe5 37. Qg6 Qxg6 38. Rxg6 Rd8 39. Bxe5+ Kh7 40.
Rg7+ Kh8 41. Rd7# 1-0

[Event "*** Titled Tuesday Blitz"]
[Site "Chess.com"]
[Date "2021.02.16"]
[Round "1"]
[White "GadimbayliA"]
[Black "Bacyanide"]
[Result "1-0"]
[WhiteElo "2846"]
[BlackElo "2429"]
[TimeControl "180+1"]
[EndTime "10:07:50 PST"]
[Termination "GadimbayliA won by resignation"]

1. e4 c6 2. Nf3 d5 3. exd5 cxd5 4. d4 Nc6 5. Ne5 Nf6 6. c3 g6 7. Bb5 Bd7 8. Nxd7 Qxd7 9. O-O Bg7 10. Re1 O-O 11. Nd2 a6 12. Bd3 b5 13. Nb3 Qd6 14. g3 b4 15. Bf4 Qd8 16. Rc1 bxc3 17. Rxc3 Nb4 18. Bb1 Rc8 19. Nc5 e6 20. a3 Nc6 21.
Nxa6 Qb6 22. Nc5 Qxb2 23. Na4 Qb7 24. Nc5 Qa7 25. Be3 Nd7 26. Nxd7 Qxd7 27. Bc2 Nxd4 28.
Ba4 Nf3+ 29. Kh1 Qxa4 30. Qxa4 Rxc3 31. Rb1 Rfc8 32. Qd1 d4 33. Qxf3 dxe3 34. Rb7 Rf8 35. a4 Rc1+ 36. Kg2 exf2 37. Qxf2 Bc3 38. Kh3 e5 39.
Qc5 Bb2 40. Qd5 Bd4 41. a5 Rc2 42. Qh1 Bg1 43. Qxg1 Rd8 44. Qf1 Rdd2 45. Qxf7+ 1-0

[Event "*** Titled Tuesday Blitz"]
[Site "Chess.com"]
[Date "2021.02.16"]
[Round "1"]
[White "VFernandezB"]
[Black "Gabrielian_Artur"]
[Result "0-1"]
[WhiteElo "2425"]
[BlackElo "2825"]
[TimeControl "180+1"]
[EndTime "10:07:50 PST"]
[Termination "Gabrielian_Artur won on time"]

1. d4 Nf6 2. Nf3 g6 3. c4 Bg7 4. g3 O-O 5. Bg2 d5 6. O-O dxc4 7. Na3 c3 8. bxc3 c5 9. Bb2 Nc6 10. e3 Bf5 11. Nd2 Bd3 12. Re1 e5 13. Ndc4 e4 14.
f3 Re8 15. Bf1 Bxf1 16. Rxf1 Rb8 17. Nb5 Re6 18. dxc5 exf3 19. Qxf3 Qd3 20. Nbd6 Ne5 21. Nxe5 Rxe5 22. c4 Rxe3 23. Qf4 Re6 24. Nxf7 Rf8 25. Ng5 Re2 26. Bxf6 Bxf6 27. Rf3 Bd4+ 28. Kh1 Rxf4 29. Rxd3 Rg4 30. Rad1 Rxg5 31. Rxd4 Rxc5 32. Rd8+ Kf7 33.
R8d7+ Re7 34. Rxe7+ Kxe7 35. Rd4 Ke6 36. Kg2 Ra5 37.
Rd2 Ra4 38. Rc2 Kd6 39. Kf3 Kc5 40. Rb2 b6 41. Kf4 Rxc4+ 42. Kg5 Rd4 43. Kh6 Rd7 44.
g4 b5 45. h4 a5 46. Rc2+ Kb4 47. Rc8 Ka3 48. Rc2 b4 49. Rf2 a4 50. g5 b3 51.
axb3 axb3 52. Rf8 Ra7 0-1

[Event "*** Titled Tuesday Blitz"]
[Site "Chess.com"]
[Date "2021.02.16"]
[Round "1"]
[White "Nemsko"]
[Black "Ekose"]
[Result "0-1"]
[WhiteElo "2335"]
[BlackElo "2636"]
[TimeControl "180+1"]
[EndTime "10:07:50 PST"]
[Termination "Ekose won by resignation"]

1. e4 e6 2. d4 d5 3. Nc3 Nf6 4. e5 Nfd7 5. f4 c5 6. Nf3 Nc6 7. Be3 cxd4 8. Nxd4 Bc5 9. Qd2 a6 10. O-O-O Nxd4 11. Bxd4 b5 12. g4 h5 13. g5 g6 14. h4 Qc7 15. Kb1 Bb7 16. Bg2 O-O 17. Ne2 b4 18. Bf3 Kg7 19. Ng3 Bxd4 20. Qxd4 Qb6 21.
Qd3 Rh8 22. Rhe1 Qf2 23. Rg1 Nc5 24. Qe2 Qxe2 25. Nxe2 a5 26. Nd4 Ba6 27. Rge1 Rhc8 28. Be2 Bxe2 29. Rxe2 Rab8 30. Nb3 Nb7 31. Nd4 Nc5 32. Nb3 a4 33. Nxc5 Rxc5 34. Rd4 a3 35.
Red2 Kf8 36. R2d3 Ke7 37. Rb3 axb2 38. Kxb2 Rc4 39. Rbd3 Rbc8 40. Rxc4 Rxc4 41. Rf3 Kd7 42. Kb3 Kc6 43. Rf2 Kb5 44. a4+ bxa3 45. Kxa3 Rc3+ 46.
Kb2 Rh3 47. Kc1 Rxh4 48. Kd2 Rg4 49. Ke3 Kc4 50. Kf3 Rg1 51. Re2 d4 52. Rd2 Rc1 53. Rh2 Kc3 54. Ke4 Rxc2 55. Rh3+ Kc4 56. Ra3 Re2+ 57.
Kf3 Re3+ 58. Rxe3 dxe3 59. Kxe3 Kc3 0-1

[Event "*** Titled Tuesday Blitz"]
[Site "Chess.com"]
[Date "2021.02.16"]
[Round "1"]
[White "Artyom_ChessMate"]
[Black "lelya96"]
[Result "1-0"]
[WhiteElo "2556"]
[BlackElo "2245"]
[TimeControl "180+1"]
[EndTime "10:07:50 PST"]
[Termination "Artyom_ChessMate won by resignation"]

1. e4 e5 2. Nf3 Nc6 3. Bb5 a6 4. Bxc6 dxc6 5. O-O Bg4 6. h3 h5 7. d3 Bd6 8. hxg4 hxg4 9. Ng5 f6 10. Qxg4 fxg5 11.
Bxg5 Nf6 12. Qe6+ Qe7 13. Qxe7+ Kxe7 14. Nd2 Rh5 15. Bxf6+ gxf6 16. g3 Rah8 17. Kg2 Rh2+ 18. Kf3 Bc5 19. Nc4 b5 20. Ne3 Bxe3 21. Kxe3 Ke6 22.
b4 f5 23. exf5+ Kxf5 24. a4 R8h6 25. Kf3 Rf6 26. axb5 cxb5 27. Ke3 Rc6 28. Ra2 Kg4 29. Rfa1 Rhh6 30. Ke4 Rhf6 31. Rf1 Rfd6 32. Kxe5 Re6+ 33. Kd4 Kf3 34. c4 bxc4 35. dxc4 Re4+ 36. Kd5 Rcxc4 37. Ra3+ Kg2 38. Rd1 Kxf2 39. Rd2+ Ke1 40. Rh2 Red4+ 41. Ke5 Re4+ 42. Kf5 Kf1 43. Ra1+ Re1 44. Rh1+ Kg2 45.
Rhxe1 Rxb4 46. Ra3 Rb5+ 47. Re5 Rb4 48. g4 a5 49.
Re2+ Kf1 50. Rc2 Rb1 51. g5 Rb5+ 52. Kf6 Rb6+ 53. Kf7 1-0

[Event "*** Titled Tuesday Blitz"]
[Site "Chess.com"]
[Date "2021.02.16"]
[Round "1"]
[White "LogoCzar"]
[Black "Violord"]
[Result "0-1"]
[WhiteElo "2380"]
[BlackElo "2710"]
[TimeControl "180+1"]
[EndTime "10:07:51 PST"]
[Termination "Violord won by resignation"]

1. e4 c6 2. d4 d5 3. e5 Bf5 4. h4 h6 5. g4 Bd7 6. Nc3 Qc8 7.
Be2 e6 8. h5 c5 9. Nb5 cxd4 10.
Nxd4 Bc5 11. f4 Ne7 12. Ngf3 Nbc6 13. Be3 Nxd4 14. Bxd4 b6 15. c3 Nc6 16. Rc1 a5 17.
Bb5 Nxe5 18. Bxd7+ Nxd7 19. Bxg7 Rg8 20. Bxh6 Rxg4 21.
Bg5 f6 22. h6 Kf7 23. h7 Qh8 24. Nd4 Ne5 25. Qe2 fxg5 26. Qxe5 Qxe5+ 27. fxe5 Rh8 28. Nf3 Re4+ 29. Kf1 Kg6 30. b4 Be3 31. Re1 Bf4 32. Rxe4 dxe4 33. Nd4 Bxe5 34. Nxe6 Bxc3 35. bxa5 bxa5 36.
Ke2 Kf5 37. Nc5 Bd4 38. Nb3 Bb6 39. a4 Kg6 40. Nd2 Rxh7 41. Rxh7 Kxh7 42. Nxe4 Kg6 43.
Kf3 Kf5 44. Ng3+ Ke5 45. Kg4 Bd8 46. Ne2 Kd5 47. Kf5 Kc4 48. Ke4 Kb4 49. Kd4 Kxa4 50.
Kc4 g4 51. Kc3 Kb5 52. Kb3 Bc7 53. Nd4+ Kb6 54. Ka4 g3 55. Nf3 g2 56. Ng1 Kc5 57.
Ne2 Kc4 58. Ng1 Kd3 59. Nh3 Ke3 60. Ka3 Kf3 61. Ka4 Kg3 62. Ng1 Bb6 63. Ne2+ Kf3 64.
Ng1+ Bxg1 65. Kxa5 Bh2 0-1

[Event "*** Titled Tuesday Blitz"]
[Site "Chess.com"]
[Date "2021.02.16"]
[Round "1"]
[White "csati17"]
[Black "Ze-Pequeno"]
[Result "1-0"]
[WhiteElo "2599"]
[BlackElo "2294"]
[TimeControl "180+1"]
[EndTime "10:07:51 PST"]
[Termination "csati17 won by checkmate"]

1. c4 Nf6 2. Nc3 g6 3. e4 d6 4. g3 Bg7 5. Bg2 O-O 6. Nge2 c5 7. O-O Nc6 8. d3 Ne8 9. Rb1 Nc7 10. Be3 Ne6 11. a3 Rb8 12. b4 b6 13. Qd2 Ncd4 14.
f4 Bb7 15. f5 Nxe2+ 16. Nxe2 Nd4 17. g4 e6 18. Nxd4 cxd4 19. Bh6 Qh4 20. Bg5 Qxg4 21. h3 Qh5 22. f6 Bh8 23. h4 Qg4 24. Rf4 Qg3 25.
Qe2 Qe3+ 26. Qxe3 dxe3 27. Re1 a5 28. Rxe3 axb4 29. axb4 Ra8 30. Rf2 Ra1+ 31. Kh2 Rb1 32. b5 Ra8 33. d4 Rc1 34. Bf4 Bxf6 35. e5 Bxh4 36. Bxb7 Bxf2 37. Re2 Bg1+ 38. Kg2 Raa1 39. exd6 Rd1 40. d7 Rxd4 41. Bd5 Rxd5 42. cxd5 Ra8 43. Bc7 exd5 44. Re8+ Kg7 45. Rxa8 Bc5 46. d8=Q Kh6 47. Qh4+ Kg7 48. Be5+ f6 49. Qxf6+ Kh6 50. Qh4# 1-0

[Event "*** Titled Tuesday Blitz"]
[Site "Chess.com"]
[Date "2021.02.16"]
[Round "1"]
[White "TokChess"]
[Black "German_Bazeev"]
[Result "0-1"]
[WhiteElo "2386"]
[BlackElo "2723"]
[TimeControl "180+1"]
[EndTime "10:07:52 PST"]
[Termination "German_Bazeev won by resignation"]

1. Nf3 Nf6 2. g3 g6 3. Bg2 Bg7 4. O-O O-O 5. d4 d5 6. Nbd2 a5 7. c4 dxc4 8. Nxc4 Be6 9. Nfe5 Bd5 10. f3 Nc6 11. Nxc6 Bxc6 12. e4 Bb5 13. Qd3 Nd7 14.
Rd1 Ne5 15. dxe5 Qxd3 16. Rxd3 Bxc4 17. Rc3 Ba6 18. f4 c6 19. Be3 Rfd8 20. Bf1 e6 21.
Bxa6 Rxa6 22. Kf2 Bf8 23. Ke2 a4 24. Rac1 Rd7 25. Rd3 Rxd3 26. Kxd3 Ra5 27. Rc4 Be7 28.
Rd4 Kf8 29. Kc3 Ke8 30. Rc4 c5 31. Kc2 b5 32. Rc3 c4 33. Bd4 Ra8 34. a3 Rd8 35. Bb6 Rb8 36. Bd4 Kd7 37. Rf3 Kc6 38. Bc3 Rd8 39. f5 gxf5 40. exf5 Kd5 41. fxe6 Kxe6 42. Rf4 h5 43. Rf3 Rd5 44. Rf4 Bg5 45. Re4 Rd3 46. h4 Be7 47. g4 hxg4 48. Rxg4 Rh3 49. Rf4 Rh2+ 50. Kb1 Rxh4 51. Rxh4 Bxh4 52. Kc2 Bg3 53. Kd2 Bxe5 0-1

[Event "*** Titled Tuesday Blitz"]
[Site "Chess.com"]
[Date "2021.02.16"]
[Round "1"]
[White "KingCyber19"]
[Black "SimplyDevina"]
[Result "1/2-1/2"]
[WhiteElo "2540"]
[BlackElo "2237"]
[TimeControl "180+1"]
[EndTime "10:07:53 PST"]
[Termination "Game drawn by 50-move rule"]

1. d4 Nf6 2. c4 e6 3. Nf3 d5 4.
g3 Be7 5. Bg2 O-O 6. O-O dxc4 7. Qa4 c5 8. Qxc4 cxd4 9. Nxd4 Nbd7 10.
Rd1 Nb6 11. Qb3 Qc7 12. Nc3 e5 13. Ndb5 Qb8 14. Be3 Be6 15. Qc2 Rd8 16. Rxd8+ Bxd8 17. Rd1 Be7 18. Bxb6 axb6 19. a3 Bc5 20. b4 Be7 21. Ne4 Nxe4 22. Qxe4 f6 23. Qxb7 Qxb7 24. Bxb7 Rb8 25.
Bf3 Rc8 26. Kg2 Kf8 27. Na7 Rc3 28. Ra1 Bd7 29. b5 Rxa3 30. Rxa3 Bxa3 31. Nc6 Bc5 32.
Bd5 Bxc6 33. Bxc6 Ke7 34. Kf3 Ke6 35. e3 g6 36. g4 f5 37. h4 h6 38. Be8 Kf6 39.
Bd7 Bd6 40. e4 f4 41. Ke2 g5 42. h5 Bc5 43. f3 Bd4 44. Kd3 Bc5 45. Kc4 Bd4 46. Kd5 Bc5 47. Kc6 Bd4 48. Bf5 Bc5 49.
Kd7 Bd4 50. Ke8 Kg7 51. Ke7 Bc5+ 52. Ke6 Bd4 53. Kd7 Bc5 54. Be6 Bd4 55. Bd5 Bc5 56.
Ke6 Bd4 57. Kf5 Bc3 58. Bc4 Bd4 59. Bf1 Bc3 60. Bh3 Bd4 61. Bf1 Bc3 62. Bc4 Bd4 63. Bb3 Bc3 64. Ba4 Bd4 65. Ke6 Bc3 66. Kd5 Bd4 67. Kc6 Kf6 68. Bb3 Kg7 69. Bc4 Kf6 70.
Bg8 Kg7 71. Bd5 Kf6 72. Kd7 Kg7 73. Ke6 Bc3 74. Bc4 Bd4 75. Kd5 Kf6 76. Bd3 Kg7 77.
Kc6 Kf6 78. Bc4 Kg7 79. Kd7 Kf6 80. Ke8 Kg7 81. Ke7 Bc3 82. Bd5 Bd4 83. Bc6 Bc3 84.
Be8 Bd4 85. Bf7 Bc3 86. Bg6 Bd4 87. Bf5 Bc3 88. Bd7 Bd4 89. Bc6 Bc3 90. Kd6 Bd4 91. Kc7 Kf6 92. Kc8 Kg7 93. Kd8 1/2-1/2

[Event "*** Titled Tuesday Blitz"]
[Site "Chess.com"]
[Date "2021.02.16"]
[Round "1"]
[White "EdmundPlayer"]
[Black "Lion-Al-Messi"]
[Result "0-1"]
[WhiteElo "2174"]
[BlackElo "2518"]
[TimeControl "180+1"]
[EndTime "10:07:54 PST"]
[Termination "Lion-Al-Messi won by resignation"]

1. e4 e6 2. d4 d5 3. Nc3 Nf6 4. e5 Nfd7 5. f4 c5 6. Nf3 Nc6 7. Be3 a6 8. Be2 b5 9. Qd2 Qb6 10. O-O cxd4 11. Nxd4 Bc5 12. Rad1 Bb7 13. Kh1 O-O-O 14.
a3 g5 15. g3 gxf4 16. gxf4 Rhg8 17. b4 Bxd4 18. Bxd4 Nxd4 19. Qxd4 Qxd4 20. Rxd4 Nb8 21. Bf3 Nc6 22. Rd2 Rg7 23. Rg1 Rxg1+ 24. Kxg1 Rf8 25.
Ne2 f6 26. Bg4 Nd8 27. Ng3 fxe5 28. fxe5 Rg8 29. h3 Rg5 30. Re2 Kd7 31. Nh5 Ke7 32. Nf6 Nf7 33. Nxh7 Rxe5 34. Rxe5 Nxe5 35. Ng5 Nxg4 36. hxg4 d4 37. Kf2 e5 38. Kg3 Kf6 39. Nh7+ Kg7 40. Ng5 Bd5 41. Kf2 Kf6 42. Nh7+ Kg6 43.
Nf8+ Kg5 44. Nd7 Kf4 45. g5 e4 46. Nc5 e3+ 47. Ke1 Kxg5 48. Nxa6 Kf4 49. Nc7 Bc4 50.
Ne8 Ke5 51. Ng7 Bf7 52. Ke2 Kf6 53. Kd3 Kxg7 0-1

[Event "*** Titled Tuesday Blitz"]
[Site "Chess.com"]
[Date "2021.02.16"]
[Round "1"]
[White "kuba2006"]
[Black "Vincent_Vega95"]
[Result "1-0"]
[WhiteElo "2391"]
[BlackElo "2685"]
[TimeControl "180+1"]
[EndTime "10:07:55 PST"]
[Termination "kuba2006 won by resignation"]

1. e4 c5 2. Nf3 d6 3. d4 cxd4 4. Qxd4 a6 5. c4 Nc6 6. Qe3 g6 7. h3 Bg7 8. Be2 Nf6 9. O-O O-O 10. Nc3 Nd7 11. Rb1 Nc5 12. b4 Bxc3 13. bxc5 Bg7 14.
Rd1 Qc7 15. cxd6 exd6 16. Ba3 Rd8 17. Qb6 Qxb6 18. Rxb6 Bf8 19. Nd4 Ne5 20. f4 Nd7 21. Rb2 Nc5 22. Bf3 Re8 23. Bxc5 dxc5 24. Ne2 Be6 25.
Rxb7 Bxc4 26. e5 Rad8 27. Rdd7 Rxd7 28. Rxd7 Re7 29. Rd8 Be6 30. Nc3 Rd7 31. Ra8 Kg7 32. Rxa6 c4 33. Rc6 Bb4 34. Ne4 Ra7 35. Nf6 Rxa2 36. Bd5 Bxd5 37. Nxd5 Bf8 38. Rxc4 Rd2 39. Nf6 Be7 40. Ne4 Re2 41. Kf1 Ra2 42. Kg1 h6 43.
Kh2 g5 44. f5 f6 45. e6 Ra7 46. g4 Kf8 47. Kg3 Ke8 48. Kf3 Bd8 49. Rc3 Ke7 50. Rd3 Rb7 51. Nd6 Ra7 52. Nc8+ 1-0

[Event "*** Titled Tuesday Blitz"]
[Site "Chess.com"]
[Date "2021.02.16"]
[Round "1"]
[White "RobertoJBM"]
[Black "EnergeticHay"]
[Result "1-0"]
[WhiteElo "2734"]
[BlackElo "2386"]
[TimeControl "180+1"]
[EndTime "10:07:56 PST"]
[Termination "RobertoJBM won by checkmate"]

1. d4 Nf6 2. Nf3 g6 3. e3 Bg7 4. Be2 d6 5. O-O O-O 6. c4 c5 7. Nc3 Nc6 8. d5 Nb8 9. e4 e6 10. Re1 exd5 11. cxd5 a6 12. a4 Re8 13. Nd2 Nbd7 14.
h3 Qc7 15. a5 Rb8 16. Ra2 b5 17. axb6 Rxb6 18. Bf1 Bb7 19. Nc4 Rb4 20. Bf4 Ne5 21. Nxe5 dxe5 22. Bd2 Rd4 23. Qc2 Rb8 24. Na4 c4 25.
Bc3 Rc8 26. Raa1 Nd7 27. Rac1 Nb6 28. Nxb6 Qxb6 29. Bxd4 exd4 30. Bxc4 d3 31. Qxd3 Qxb2 32. Rb1 Qd4 33. Qxd4 Bxd4 34. Rxb7 Rxc4 35. Rd1 Bc5 36. d6 Rc2 37. d7 Be7 38. d8=Q+ Bxd8 39. Rxd8+ Kg7 40.
Rdd7 Rc1+ 41. Kh2 Kh6 42. Rxf7 Kg5 43. Kg3 Rc3+ 44. f3 Rc4 45. h4+ Kh5 46. Rxh7# 1-0

[Event "*** Titled Tuesday Blitz"]
[Site "Chess.com"]
[Date "2021.02.16"]
[Round "1"]
[White "elcandado"]
[Black "Dii210"]
[Result "1-0"]
[WhiteElo "2662"]
[BlackElo "2355"]
[TimeControl "180+1"]
[EndTime "10:07:58 PST"]
[Termination "elcandado won by checkmate"]

1. d4 Nf6 2. Bf4 d5 3. e3 c5 4.
c3 Nc6 5. Nd2 Bf5 6. Ngf3 e6 7. Nh4 Bg4 8. Qb3 Qb6 9. h3 Bh5 10. g4 Bg6 11. Nxg6 hxg6 12. Bg2 Be7 13. O-O Na5 14. Qa4+ Nc6 15. Rab1 O-O 16. Bg3 Qd8 17. Rbd1 a6 18. dxc5 Bxc5 19. e4 Qe7 20. exd5 Nxd5 21.
Ne4 b5 22. Qc2 Rfd8 23. Nxc5 Qxc5 24. Qe2 Rac8 25. Rd2 Nb6 26. Rfd1 Rxd2 27. Rxd2 Nc4 28. Rd7 Nb6 29. Rb7 Na5 30. Ra7 Nbc4 31. Rxa6 Rd8 32.
Ra8 Rxa8 33. Bxa8 b4 34. cxb4 Qxb4 35. b3 Na3 36. Bg2 Qc3 37. Qa6 Nc2 38. Qa8+ Kh7 39. Qf3 Qe1+ 40. Kh2 Nd4 41. Qxf7 Ne2 42. h4 Qg1+ 43.
Kh3 Nxg3 44. fxg3 Nc6 45. h5 Ne5 46. hxg6+ Nxg6 47. Qxe6 Qd4 48. Qf5 Kh6 49. Qh5# 1-0

[Event "*** Titled Tuesday Blitz"]
[Site "Chess.com"]
[Date "2021.02.16"]
[Round "1"]
[White "Kaiyrbekov"]
[Black "MFBerna"]
[Result "0-1"]
[WhiteElo "2115"]
[BlackElo "2504"]
[TimeControl "180+1"]
[EndTime "10:07:58 PST"]
[Termination "MFBerna won by checkmate"]

1. c4 e5 2. Nc3 Nf6 3. Nf3 Nc6 4.
g3 d5 5. cxd5 Nxd5 6. Bg2 Be7 7.
O-O Nb6 8. b3 O-O 9. Bb2 Re8 10.
d4 exd4 11. Nb5 d3 12. exd3 a6 13. Nbd4 Nxd4 14. Nxd4 Bf6 15. Nc6 bxc6 16. Bxf6 Qxf6 17. Rc1 Bd7 18. Qf3 Qxf3 19. Bxf3 Re7 20. Bxc6 Bxc6 21. Rxc6 Rd8 22. Rd1 Red7 23. Kg2 a5 24.
Re1 g6 25. a4 Rb8 26. Rec1 Rxd3 27. Rxc7 Rxb3 28. Re1 Rd8 29. Ree7 Nd5 30. Rb7 Rxb7 31. Rxb7 Nc3 32. Ra7 Rd5 33. h4 Nxa4 34. g4 Nc3 35.
Rc7 Nb5 36. Rc8+ Kg7 37. Ra8 Nc7 38. Ra7 Ne6 39. Kg3 h6 40. f3 Nd4 41. Ra6 Nb3 42. Ra7 Rd4 43. Rb7 a4 44. g5 hxg5 45. hxg5 Nc5 46.
Rc7 Ne6 47. Ra7 Nxg5 48. f4 Ne6 49. Ra5 Rxf4 50. Ra6 Rb4 51. Ra5 Rb3+ 52. Kg4 f5+ 53. Kh4 g5+ 54. Kh5 Rh3# 0-1

[Event "*** Titled Tuesday Blitz"]
[Site "Chess.com"]
[Date "2021.02.16"]
[Round "1"]
[White "DamianoLew95"]
[Black "Sjakkerntobi"]
[Result "0-1"]
[WhiteElo "2586"]
[BlackElo "2317"]
[TimeControl "180+1"]
[EndTime "10:07:59 PST"]
[Termination "Sjakkerntobi won by resignation"]

1. e4 e6 2. d3 d5 3. Nd2 Nf6 4. Ngf3 c5 5. g3 Nc6 6. Bg2 Be7 7. O-O O-O 8. Re1 b5 9. Qe2 Qc7 10. e5 Nd7 11. h4 Bb7 12. Nf1 Rfc8 13. Bf4 Qd8 14.
N1h2 a5 15. h5 h6 16. Ng4 Bf8 17. a4 b4 18. c4 bxc3 19. bxc3 Nb6 20. Qd2 Ba6 21. Bf1 d4 22. c4 Nb4 23. Bg2 Bb7 24.
Nfh2 Bxg2 25. Kxg2 Rab8 26. Red1 Kh7 27. Bxh6 gxh6 28.
Nf6+ Kh8 29. Nhg4 Nd7 30. Qf4 Nxf6 31. exf6 e5 32. Nxe5 Qc7 33. Qf5 Nc6 34. Ng6+ fxg6 35. hxg6 Qe5 36. Qd7 Rc7 37. g7+ Bxg7 38. fxg7+ Qxg7 39. Qd6 Rd8 40. Qe6 Ne5 41. Rh1 Ng4 42. f3 Ne3+ 43.
Kf2 Kh7 44. Qe4+ Qg6 45. Qe5 Rf7 46. Rh4 Rdf8 47. Rah1 Ng4+ 48. Rxg4 Qxg4 49. Qd6 Qg6 50. Ke1 Qxd6 0-1

[Event "*** Titled Tuesday Blitz"]
[Site "Chess.com"]
[Date "2021.02.16"]
[Round "1"]
[White "DenisQ"]
[Black "SHIVACalypso"]
[Result "1-0"]
[WhiteElo "2658"]
[BlackElo "2347"]
[TimeControl "180+1"]
[EndTime "10:08:00 PST"]
[Termination "DenisQ won by resignation"]

1. Nf3 Nf6 2. c4 e6 3. g3 d5 4.
Bg2 Be7 5. O-O O-O 6. d4 dxc4 7. Ne5 Nc6 8. Bxc6 bxc6 9. Nxc6 Qe8 10. Nxe7+ Qxe7 11.
Qc2 e5 12. Rd1 Bb7 13. Bg5 h6 14. Bxf6 Qxf6 15. dxe5 Qxe5 16. Nc3 Rfe8 17. Rd2 Rad8 18. Rxd8 Rxd8 19. Rd1 Rd6 20. Qa4 Bc6 21. Qc2 g6 22. Rd2 Kg7 23. Qd1 h5 24. e3 Rf6 25.
Rd4 Qf5 26. Rf4 Qe6 27. Qd4 g5 28. Rxf6 Qxf6 29. Qxf6+ Kxf6 30. f4 Kf5 31. h3 gxf4 32. exf4 h4 33. Kf2 hxg3+ 34. Kxg3 Kg6 35. Kg4 Bd7+ 36.
Kg3 Bc6 37. Nd1 Be4 38. Ne3 Bd3 39. Nd5 c6 40. Ne7+ Kf6 41. Nxc6 Ke6 42. Nxa7 Kd5 43. Nb5 Kc5 44. Nc3 Kd4 45. a4 Bf5 46. a5 Bc8 47. h4 Kd3 48. h5 Kc2 49. h6 Kxb2 50. h7 Kxc3 51. h8=Q+ Kb3 52. Qxc8 c3 53. a6 Kb2 54.
a7 1-0

[Event "*** Titled Tuesday Blitz"]
[Site "Chess.com"]
[Date "2021.02.16"]
[Round "1"]
[White "safikiet"]
[Black "chescomhuynya"]
[Result "1-0"]
[WhiteElo "2305"]
[BlackElo "2577"]
[TimeControl "180+1"]
[EndTime "10:08:00 PST"]
[Termination "safikiet won by checkmate"]

1. d4 Nf6 2. c4 g6 3. Nc3 Bg7 4. e4 d6 5. Nf3 O-O 6. Be2 e5 7. Be3 Nc6 8. d5 Ne7 9. Nd2 Nd7 10. f3 f5 11. b4 f4 12. Bf2 g5 13. c5 Nf6 14. h3 h5 15. Nc4 Rf7 16. cxd6 cxd6 17. Nb5 Ne8 18. Nxa7 Bd7 19. a4 Ng6 20. b5 Bf8 21. a5 g4 22. hxg4 hxg4 23. b6 g3 24. Bg1 Nh4 25. Bf1 Rh7 26. Rxh4 Rxh4 27. a6 bxa6 28. Nc6 Bxc6 29. dxc6 Rh1 30. c7 Nxc7 31.
bxc7 Qe8 32. Nb6 Rxg1 33. Qd5+ Kh7 34. Nxa8 Bg7 35. Nb6 Qh5 36. c8=Q Rxf1+ 37. Kxf1 Qh1+ 38. Ke2 Qxg2+ 39. Kd3 Qxf3+ 40. Kc4 Qe2+ 41. Kb4 Qb2+ 42. Qb3 Qd2+ 43. Qcc3 Qf2 44. Rh1+ Kg6 45. Qe6+ Bf6 46. Rh6+ Kxh6 47. Qxf6+ Kh5 48. Qf5+ Kh4 49. Qh7+ Kg4 50. Qf5+ Kh4 51. Nc4 g2 52. Qch3# 1-0

[Event "*** Titled Tuesday Blitz"]
[Site "Chess.com"]
[Date "2021.02.16"]
[Round "1"]
[White "KruHor"]
[Black "rozabaku"]
[Result "1-0"]
[WhiteElo "2539"]
[BlackElo "2214"]
[TimeControl "180+1"]
[EndTime "10:08:00 PST"]
[Termination "KruHor won by checkmate"]

1. e4 e6 2. d4 d5 3. Nc3 Nf6 4. Bg5 Be7 5. Bxf6 Bxf6 6. Nf3 dxe4 7. Nxe4 O-O 8. Qd2 b6 9. O-O-O Bb7 10. Bd3 Nc6 11.
c3 a5 12. g4 a4 13. g5 Be7 14. Rhg1 a3 15. b3 Na5 16. Kb1 c5 17. Qf4 c4 18.
Nf6+ Bxf6 19. gxf6 g6 20. Ng5 cxb3 21. Qh4 bxa2+ 22.
Kc2 h5 23. Nxf7 Rxf7 24. Rxg6+ Kf8 25. Qg5 Ke8 26. Bb5+ Bc6 27. Rg8+ Kd7 28. Rxd8+ Rxd8 29. Bxc6+ Nxc6 30. d5 a1=Q 31. Rxa1 Nb8 32. Rd1 e5 33. Qxe5 Re8 34. Qf5+ Kd6 35. Kb3 Re5 36. Qg6 Rf8 37. f7+ Kd7 38. Qf6 Re7 39. Qf5+ Kd8 40. d6 Rd7 41. Qf6+ Kc8 42. Qe7 Rxf7 43. Qe8+ Kb7 44.
Qe4+ Nc6 45. Kxa3 b5 46. Rd5 Kb6 47. Qe3+ Ka6 48. Qd3 Rb7 49. d7 Nd8 50. Rd6+ Ka7 51. Qd4+ Kb8 52. Qe5 b4+ 53. cxb4 Ka7 54. Qd4+ Kb8 55.
Qe5 Ka7 56. Rd5 Rfxd7 57. Ra5+ Kb6 58. Qc5# 1-0

[Event "*** Titled Tuesday Blitz"]
[Site "Chess.com"]
[Date "2021.02.16"]
[Round "1"]
[White "Mr_Heisenberg13"]
[Black "kobemagic"]
[Result "0-1"]
[WhiteElo "2686"]
[BlackElo "2391"]
[TimeControl "180+1"]
[EndTime "10:08:02 PST"]
[Termination "kobemagic won by resignation"]

1. Nf3 Nf6 2. d4 c5 3. c3 d5 4. Bf4 cxd4 5. cxd4 Nc6 6. Nc3 e6 7. e3 Bd6 8. Bg3 O-O 9. Bd3 Qe7 10. Bh4 Qd8 11. O-O Be7 12. Rc1 a6 13. Na4 Nd7 14. Bxe7 Qxe7 15. Nc5 Nxc5 16. Rxc5 e5 17. dxe5 Qxc5 18.
h3 Qe7 19. Bb1 Nxe5 20. Nd4 g6 21. Qd2 Nc6 22. Nf3 Be6 23. Rd1 Qf6 24. Kh2 Rfd8 25.
b3 Bf5 26. Kg1 Bxb1 27. Rxb1 Ne5 28. Nd4 Nc6 29. Nf3 d4 30. e4 Ne5 31. Ne1 Rac8 32.
f4 Nc6 33. Nd3 Qe7 34. e5 a5 35. Rf1 Nb4 36. Nf2 d3 37. Ne4 Rc2 38. Qe3 Qc7 39.
Nf6+ Kg7 40. Kh2 Re2 41. Qg3 Qc2 42. Qg5 Rxg2+ 43. Qxg2 Qxg2+ 44. Kxg2 Nxa2 45. Ne4 b5 46. Kf3 a4 47. bxa4 bxa4 48. Ra1 d2 49. Rd1 a3 50.
Ke3 Nb4 51. Ke2 a2 52. Ra1 d1=Q+ 53. Rxd1 Rxd1 54. Kxd1 a1=Q+ 55. Ke2 Qd4 56. Kf3 Qd3+ 0-1